 Dungeon Crawl Stone Soup version 0.31-a0-354-g827e0957a7 (webtiles) character file.

Game seed: 14737812447586600413

428 Essalna the Gusty (level 6, -3/32 HPs)
             Began as a Tengu Air Elementalist on July 24, 2023.
             Was a Follower of Vehumet.
             Slain by a gnoll sergeant
             ... wielding a +2 spear of freezing
              (7 damage)
             ... on level 5 of the Dungeon.
             The game lasted 00:08:32 (4259 turns).

Essalna the Gusty (Tengu Air Elementalist)          Turns: 4259, Time: 00:08:32

Health: -3/32      AC:  4    Str:  8    XL:     6   Next: 98%
Magic:  10/10      EV: 15    Int: 24    God:    Vehumet [*.....]
Gold:   175        SH:  5    Dex: 20    Spells: 4/9 levels left

rFire   . . .        l - staff of conjuration
rCold   . . .        (no shield)
rNeg    . . .        a - +0 robe
rPois   .            (helmet restricted)
rElec   .            (no cloak)
rCorr   .            r - +1 pair of gloves
SInv    .            (boots unavailable)
Will    .....        q - amulet of reflection
Stlth   ++           i - +6 ring of dexterity
HPRegen 0.25/turn    g - +6 ring of intelligence
MPRegen 0.12/turn

%: reflection
@: flying quickly and evasively, quick
A: beak, talons 3, nimble flight
a: Renounce Religion


You were on level 5 of the Dungeon.
You worshipped Vehumet.
Vehumet was aware of your devotion.
You visited 1 branch of the dungeon, and saw 5 of its levels.

You collected 175 gold pieces.

Inventory:

Hand Weapons
 d - a +0 dagger of venom
 e - a +1 dagger of venom
Armour
 a - a +0 robe (worn)
 r - a +1 pair of gloves (worn)
Magical Staves
 l - a staff of conjuration (weapon)
Jewellery
 g - a +6 ring of intelligence (right hand)
 i - a +6 ring of dexterity (left hand)
 q - an amulet of reflection (around neck)
Wands
 t - a wand of roots (9)
Scrolls
 f - 3 scrolls of identify
 h - a scroll of teleportation
 j - a scroll of vulnerability
Potions
 c - a potion of cancellation
 k - 3 potions of haste {unknown}
 m - a potion of lignification {unknown}
 o - 3 potions of attraction {unknown}
 p - 3 potions of curing {unknown}
 w - 2 potions of ambrosia {unknown}


   Skills:
 - Level 2.3 Dodging
 - Level 2.1 Stealth
 - Level 2.0 Spellcasting
 + Level 6.4 Conjurations
 + Level 7.5 Air Magic


You had 4 spell levels left.
You knew the following spells:

 Your Spells              Type           Power      Damage    Failure   Level
a - Shock                 Conj/Air       100%       1d9       1%          1
b - Static Discharge      Conj/Air       100%       2-7/arc   1%          2
c - Searing Ray           Conj           98%        2d8       1%          2

Your spell library contained the following spells:

 Spells                   Type           Power      Damage    Failure   Level
 Kiss of Death            Conj/Necr      100%       2d13      3%          1
 Magic Dart               Conj           100%       1d8       1%          1
 Swiftness                Air            38%        N/A       1%          3
 Airstrike                Air            19%        2d(3-19)  5%          4
 Fulminant Prism          Conj/Hex       13%        3d8       32%         4
 Ozocubu's Armour         Ice            2%         N/A       34%         3
 Metabolic Englaciation   Hex/Ice        1%         N/A       97%         5
 Simulacrum               Ice/Necr       1%         N/A       100%        6


Dungeon Overview and Level Annotations

Branches:
Dungeon (5/15)
 Temple: D:4-7

Altars:
Sif Muna
Uskayaw
Vehumet


Innate Abilities, Weirdness & Mutations

You have a beak for a mouth.
You have claws for feet.
Your magical nature lets you fly swiftly and evasively.


Message History

The zap hits the gnoll sergeant but does no damage.
The gnoll sergeant is moderately wounded.
The zap hits the iguana!
You kill the iguana!
Vehumet accepts your kill.
The zap hits the gnoll.
The gnoll is severely wounded.
The gnoll sergeant hits you from afar with a +2 spear of freezing!
The gnoll sergeant freezes you.
Casting: Shock (safe; 1% risk of failure)
Confirm with . or Enter, or press ? or * to list all spells.
Aiming: Shock (safe; 1% risk of failure)
Press: ? - help, Shift-Dir - straight line, f/p - gnoll sergeant
Aim: a gnoll sergeant, wielding a +2 spear of freezing and wearing a +0 scale mail (moderately wounded, 81% to hit)
You feel a surge of power!
The zap hits the gnoll sergeant.
The gnoll sergeant is heavily wounded.
The zap hits the gnoll.
The gnoll is severely wounded.
The gnoll sergeant barely misses you.
Casting: Shock (safe; 1% risk of failure)
Confirm with . or Enter, or press ? or * to list all spells.
Aiming: Shock (safe; 1% risk of failure)
Press: ? - help, Shift-Dir - straight line, f/p - gnoll sergeant
Aim: a gnoll sergeant, wielding a +2 spear of freezing and wearing a +0 scale mail (heavily wounded, 81% to hit)
You feel a surge of power!
The zap hits the gnoll sergeant!
The gnoll sergeant is severely wounded.
The zap misses the gnoll.
The gnoll sergeant hits you from afar with a +2 spear of freezing!
* * * LOW HITPOINT WARNING * * *
The gnoll sergeant freezes you.
* * * LOW HITPOINT WARNING * * *
Okay, then.
Unknown command.
Casting: Shock (safe; 1% risk of failure)
Confirm with . or Enter, or press ? or * to list all spells.
You can't see any susceptible monsters within range! (Use Z to cast anyway.) Unknown command.
Magic courses through your body.
The gnoll sergeant hits you from afar with a +2 spear of freezing!
You die...

#. #..# .. ##. #.g# .# #..
#..# .# #.. #.l# .# ###..+##
+..# .# ...... ..# .#
#..##########.#
.##############.@.gg..))...#
................############
#################


You could see a gnoll sergeant and a gnoll.

Vanquished Creatures
  A black bear (D:5)
  A hound (D:4)
  An orc priest (D:4)
  2 iguanas
  4 adders
  9 gnolls
  6 orcs (D:4)
  9 ball pythons
  8 bats
  10 endoplasms
  4 giant cockroaches
  10 goblins
  9 hobgoblins
  3 jackals (D:1)
  5 kobolds
  6 quokkas
  11 rats
99 creatures vanquished.

Notes
Turn   | Place    | Note
-------+----------+-------------------------------------------
     0 | D:1      | Essalna the Tengu Air Elementalist began the quest for the
                  | Orb.
     0 | D:1      | Reached XP level 1. HP: 10/10 MP: 4/4
   297 | D:1      | Reached XP level 2. HP: 15/15 MP: 4/6
   572 | D:1      | Learned a level 2 spell: Static Discharge
   783 | D:1      | Reached XP level 3. HP: 19/19 MP: 5/7
  1252 | D:2      | Reached skill level 5 in Air Magic
  1411 | D:2      | Learned a level 2 spell: Searing Ray
  1417 | D:2      | Reached XP level 4. HP: 24/24 MP: 4/8
  2173 | D:3      | Found a radiant altar of Vehumet.
  2183 | D:3      | Became a worshipper of Vehumet
  2371 | D:3      | Found a hide-covered altar of Uskayaw.
  2808 | D:3      | Gained mutation: Your magical nature lets you fly swiftly
                  | and evasively. [Tengu growth]
  2808 | D:3      | Reached XP level 5. HP: 28/28 MP: 2/9
  3024 | D:4      | Reached skill level 6 in Air Magic
  3153 | D:4      | Reached skill level 5 in Conjurations
  3341 | D:4      | Reached XP level 6. HP: 32/32 MP: 4/10
  3605 | D:4      | Reached * piety under Vehumet
  3605 | D:4      | Offered knowledge of Kiss of Death by Vehumet.
  3803 | D:4      | Found a shimmering blue altar of Sif Muna.
  4172 | D:5      | Entered Level 5 of the Dungeon
  4175 | D:5      | Noticed a black bear
  4186 | D:5      | Killed a black bear
  4187 | D:5      | Reached skill level 7 in Air Magic
  4259 | D:5      | Slain by a gnoll sergeant

Illustrated notes

Levels and vault maps discovered:
D:1:      dpeg_arrival_castle, layout_rooms, minmay_vboxes
D:2:      layout_loops_ring
D:3:      layout_basic, nicolae_uskayaw_suspiria, vehumet_crystals,
          kennysheep_generic_room_8
D:4:      layout_loops_corners, led_sif_pool
D:5:      layout_loops_ring, minitemple, gup_ossuary_entry_pyramid,
          minivault_11, dk_noncrumbling_3, nrook_pool_corridor

Skill      XL: |  1  2  3  4  5  6 |
---------------+-------------------+-----
Conjurations   | 2 3 4 5 6 |  6.4
Air Magic      | 5 6 7 |  7.5
Dodging        | |  2.3
Stealth        | |  2.1
Spellcasting   | |  2.0

Action                     |  1- 3 |  4- 6 || total
---------------------------+-------+-------++-------
  Melee: Dagger            |     3 |       ||     3
         Staff             |     4 |     6 ||    10
         Kick              |     1 |     1 ||     2
         Peck              |       |     1 ||     1
   Cast: Shock             |    76 |   119 ||   195
    Use: Scroll            |       |     8 ||     8
         Potion            |       |     1 ||     1
 Armour: Robe              |     3 |     2 ||     5
  Dodge: Dodged            |    17 |     7 ||    24
  Block: Other             |       |     4 ||     4

Table legend: (Time is in decaauts)
 A = Elapsed time spent in this place.
 B = Non-inter-level travel time spent in this place.
 C = Inter-level travel time spent in this place.
 D = Time resting spent in this place.
 E = Time spent auto-exploring this place.
 F = Levels seen in this place.
 G = Mean time per level.
                   A        B        C        D        E       F      G
               +--------+--------+--------+--------+--------+-----+--------+
         Total |   4175 |   4018 |    157 |      0 |   3551 |   5 |  835.0 |
       Dungeon |   4175 |   4018 |    157 |      0 |   3551 |   5 |  835.0 |
               +--------+--------+--------+--------+--------+-----+--------+

Top non-repeatable levels by time:
     D:4: 1160 daAuts
     D:1: 1083 daAuts
     D:2: 927 daAuts
     D:3: 923 daAuts
     D:5: 80 daAuts
